 Dungeon Sprint DCSS version 0.28.0-43-g3370ac3207 (webtiles) character file.

Game seed: 7565754520729160386

15678 boopmooplesden the Executioner (level 12, -10/107 HPs)
             Began as a Minotaur Berserker on Mar 24, 2022.
             Was the Champion of Trog.
             Mangled by a fire giant
             ... wielding a +1 great sword of flaming
              (17 damage)
             ... in the Dungeon (Sprint I: "Red Sonja").
             The game lasted 00:07:47 (3105 turns).

boopmooplesden the Executioner (Minotaur Berserker) Turns: 3105, Time: 00:07:48

Health: -10/107    AC: 22    Str: 24    XL:     12   Next: 3%
Magic:  0/11       EV:  8    Int:  4    God:    Trog [******]
Gold:   34         SH:  0    Dex: 13    Spells: 11/11 levels left

rFire   + + +      SeeInvis +   p - +8 great sword "Ripnyteo" {flame, rElec SInv Stlth+}
rCold   + . .      Faith    .   (shield currently unavailable)
rNeg    . . .      Spirit   +   r - +9 scales of the Dragon King {rPois rF+ rC+ Will+}
rPois   +          Reflect  .   (helmet restricted)
rElec   +          Harm     .   (no cloak)
rCorr   .          Rampage  .   (no gloves)
Will    +....      NoTele   +   (no boots)
Stlth   ..........              s - amulet "Peru" {Spirit rElec rF++ Regen+ SInv}
HPRegen 1.07/turn               (no ring)
MPRegen 0.12/turn               (no ring)

@: on berserk cooldown, slowed, unable to read, very slow
A: horns 2, retaliatory headbutt, deformed body, frail 2, screaming 1, inability
to read while threatened, noise suppression
a: Renounce Religion, Berserk, Trog's Hand, Brothers in Arms


You were in the Dungeon.
You worshipped Trog.
Trog was exalted by your worship.
You visited 1 branch You collected 2253 gold pieces.
You spent 2219 gold pieces at shops.

Inventory:

Hand Weapons
 a - a +1 hand axe
 k - a +5 battleaxe
 l - a +8 lajatang
 n - a +2 hand axe of flaming
 o - a +2 executioner's axe
 p - the +8 great sword "Ripnyteo" (weapon) {flame, rElec SInv Stlth+}
   (Trog gifted it to you in the Dungeon)

   It burns those it strikes, dealing additional fire damage.
   Big, fiery blades are also staple armaments of hydra-hunters.
   rElec:     It insulates you from electricity.
   SInv:      It lets you see invisible.
   Stlth:     It makes you more stealthy.
Armour
 b - a +0 animal skin
 h - the +6 scale mail "Cefoxupn" {+Blink rElec Str+6 Int-2}
   (You found it in the Dungeon)

   Str:       It affects your strength (+6).
   Int:       It affects your intelligence (-2).
   rElec:     It insulates you from electricity.
   +Blink:    It lets you blink.
 j - a +0 leather armour
 r - the +9 scales of the Dragon King (worn) {rPois rF+ rC+ Will+}
   (You bought it in a shop in the Dungeon)

   rF:        It protects you from fire.
   rC:        It protects you from cold.
   rPois:     It protects you from poison.
   Will:      It increases your willpower.
Jewellery
 s - the amulet "Peru" (around neck) {Spirit rElec rF++ Regen+ SInv}
   (You bought it in a shop in the Dungeon)

   [amulet of guardian spirit]

   It causes incoming damage to be divided between your reserves of health and
   magic.
   rF:        It greatly protects you from fire.
   rElec:     It insulates you from electricity.
   SInv:      It lets you see invisible.
   Regen:     It increases your rate of health regeneration.
Wands
 i - a wand of charming (11)
Scrolls
 m - a scroll of identify {unknown}
 q - a scroll of enchant weapon
Potions
 c - 4 potions of curing
 e - a potion of haste
 f - 3 potions of magic
 g - a potion of berserk rage


   Skills:
 + Level 20.5 Fighting
 + Level 10.0 Long Blades
 + Level 21.7 Axes
 + Level 7.3 Staves
 + Level 13.0 Armour
 + Level 10.5 Dodging
 + Level 4.0 Stealth


You had 11 spell levels left.
You didn't know any spells.
Your spell library was empty.

Dungeon Overview and Level Annotations

Branches:
Dungeon (1/1)

Altars:
Cheibriados
Dithmenos
Elyvilon
Fedhas
Gozag
Hepliaklqana
Kikubaaqudgha
Makhleb
Nemelex Xobeh
Okawaru
Qazlal
Ru
Sif Muna
Trog
Uskayaw
Vehumet
Wu Jian
Xom
Yredelemnul
Zin
The Shining One
Jiyva
Lugonu

Shops:
D =*:*(=?[*=[((([(*[[[[


Innate Abilities, Weirdness & Mutations

You have a pair of horns on your head.
You reflexively headbutt those who attack you in melee.
Armour fits poorly on your strangely shaped body.
You are very frail. (-20% HP)
You occasionally shout uncontrollably at your foes.
You sometimes lose the ability to read scrolls when taking damage.
You passively dampen the noise of your surroundings.


Message History

The bolt of fire misses you. The fire giant casts a spell at you.
The fireball explodes!
The fireball engulfs you. You resist.
The fireball engulfs the fire giant!
The fire giant resists.
You slash the fire giant! You burn the fire giant.
Your headbutt misses the fire giant.
The fire giant is severely wounded.
You can read scrolls again.
The fire giant gestures at you while chanting.
The bolt of fire hits you! You resist.
The bolt of fire hits the fire giant.
The fire giant resists.
The fire giant casts a spell at you. The bolt of fire hits you. You resist.
The bolt of fire hits the fire giant!
The fire giant resists.
The fire giant casts a spell at you. The bolt of fire misses you.
The bolt of fire hits the fire giant.
The fire giant resists.
The fire giant hits you with a +1 great sword of flaming!
You barely miss the fire giant.
The fire giant is severely wounded.
The fire giant hits you with a +1 great sword of flaming!!
You feel threatened and lose the ability to read scrolls!
* * * LOW HITPOINT WARNING * * *
The fire giant burns you.
* * * LOW HITPOINT WARNING * * *
The fire giant hits you but does no damage. x2
The fire giant hits you with a +1 great sword of flaming!
* * * LOW HITPOINT WARNING * * *
You cannot read scrolls in your current state!
You feel much better.
The fire giant hits you with a +1 great sword of flaming!
* * * LOW HITPOINT WARNING * * *
The fire giant burns you.
* * * LOW HITPOINT WARNING * * *
The fire giant hits you with a +0 great sword of flaming.
* * * LOW HITPOINT WARNING * * *
You barely miss the fire giant. You headbutt the fire giant.
The fire giant is severely wounded.
The fire giant hits you with a +1 great sword of flaming!!
You die...

'###.###.#○°## #..#+###
...'.∩##.#○○# ##...#
########.# ###.#
......##.# #.# .......'.#
#.# ..######.# ####'#
..†.§§§#.## ###....#
.§§§§§#§§#($)#####)).####
.§§§§§####(...CC@C.###
.§..≈≈# $$$....#####
.§§≈≈## $=....# ≈≈§###
$....# ###'###


$$$$$ ####∩∩# #### ∩∩∩∩∩## ≈≈≈ ###### ### You could see 3 fire giants.

Vanquished Creatures
  A fire giant (D)
  A hydra (D)
  2 centaur warriors (D)
  Sonja (D)
  A deep troll (D)
  A lindwurm (D)
  8 shining eyes (D)
  An oklob plant (D)
  A gargoyle (D)
  4 demonic crawlers (D)
  7 unseen horrors (D)
  2 kobold demonologists (D)
  A slime creature (D)
  A hornet (D)
  Sigmund (D)
  13 hogs (D)
  A yak (D)
  2 redbacks (D)
  7 floating eyes (D)
  7 necrophages (D)
  An ogre (D)
  8 jellies (D)
  Ijyb (D)
73 creatures vanquished.

Vanquished Creatures (others)
  A gargoyle (D)
  2 ballistomycete spores (D)
3 creatures vanquished.

Grand Total: 76 creatures vanquished

Notes
Turn   | Place    | Note
-------+----------+-------------------------------------------
     0 | D        | boopmooplesden the Minotaur Berserker began the quest for
                  | the Orb.
     0 | D        | Reached XP level 1. HP: 19/19 MP: 0/0
     1 | D        | Noticed Ijyb
    11 | D        | Killed Ijyb
    12 | D        | Reached skill level 5 in Fighting
    12 | D        | Reached skill level 5 in Axes
    12 | D        | Reached XP level 2. HP: 19/29 MP: 1/1
   136 | D        | Noticed an ogre
   144 | D        | Killed an ogre
   145 | D        | Reached skill level 7 in Axes
   145 | D        | Reached XP level 3. HP: 37/40 MP: 2/2
   145 | D        | Reached XP level 4. HP: 44/48 MP: 3/3
   350 | D        | Noticed Sigmund
   365 | D        | Killed Sigmund
   365 | D        | Reached ** piety under Trog
   366 | D        | Reached skill level 9 in Axes
   366 | D        | Reached skill level 5 in Armour
   366 | D        | Reached skill level 5 in Dodging
   366 | D        | Reached XP level 5. HP: 32/58 MP: 4/4
   651 | D        | Found a burning altar of Makhleb.
   651 | D        | Found a viscous altar of Jiyva.
   651 | D        | Found a shimmering altar of Xom.
   651 | D        | Found a corrupted altar of Lugonu.
   651 | D        | Noticed a slime creature
   658 | D        | Killed a slime creature
   659 | D        | Reached skill level 11 in Axes
   659 | D        | Reached XP level 6. HP: 68/68 MP: 5/5
   800 | D        | Noticed a kobold demonologist
   800 | D        | Noticed a floating eye
   801 | D        | Noticed a kobold demonologist
   804 | D        | Paralysed by a floating eye for 2 turns
   808 | D        | Killed a floating eye
   809 | D        | Reached XP level 7. HP: 74/74 MP: 6/6
   815 | D        | Killed a kobold demonologist
   815 | D        | Reached *** piety under Trog
   816 | D        | Reached skill level 13 in Axes
   816 | D        | Reached skill level 1 in Stealth
   816 | D        | Killed a kobold demonologist
   817 | D        | Reached XP level 8. HP: 85/85 MP: 7/7
   825 | D        | Found an ornate altar of the Wu Jian Council.
   825 | D        | Found a shimmering blue altar of Sif Muna.
   827 | D        | Found a radiant altar of Vehumet.
   865 | D        | Found Luhamme's General Store.
   865 | D        | Found an ancient bone altar of Kikubaaqudgha.
   865 | D        | Found a hazy altar of Hepliaklqana.
   865 | D        | Found a hide-covered altar of Uskayaw.
   865 | D        | Found a basalt altar of Yredelemnul.
   865 | D        | Found an opulent altar of Gozag.
   865 | D        | Found a snail-covered altar of Cheibriados.
   865 | D        | Found a sacrificial altar of Ru.
   865 | D        | Found a shadowy altar of Dithmenos.
   866 | D        | Found a stormy altar of Qazlal.
   866 | D        | Found a blossoming altar of Fedhas.
   866 | D        | Found a bloodstained altar of Trog.
   866 | D        | Found an iron altar of Okawaru.
   866 | D        | Found a glowing golden altar of the Shining One.
   866 | D        | Found a glowing silver altar of Zin.
   866 | D        | Found a white marble altar of Elyvilon.
   868 | D        | Reached **** piety under Trog
   869 | D        | Reached skill level 14 in Axes
   869 | D        | Found a sparkling altar of Nemelex Xobeh.
  1034 | D        | Noticed a centaur warrior
  1035 | D        | Noticed a centaur warrior
  1042 | D        | Killed a centaur warrior
  1043 | D        | Reached skill level 15 in Axes
  1045 | D        | Killed a centaur warrior
  1046 | D        | Reached skill level 16 in Axes
  1046 | D        | Reached XP level 9. HP: 96/96 MP: 8/8
  1049 | D        | Identified the +6 scale mail "Cefoxupn" {+Blink rElec Str+6
                  | Int-2}
  1097 | D        | Noticed a deep troll
  1102 | D        | Killed a deep troll
  1103 | D        | Reached skill level 15 in Fighting
  1103 | D        | Reached skill level 17 in Axes
  1114 | D        | Found Uboithoif's Armour Emporium.
  1137 | D        | Paralysed by a hornet for 1 turns
  1143 | D        | Reached ***** piety under Trog
  1265 | D        | Noticed an oklob plant
  1276 | D        | Killed an oklob plant
  1448 | D        | Received a gift from Trog
  1449 | D        | Reached skill level 18 in Axes
  1471 | D        | Killed a gargoyle
  1481 | D        | Killed an unseen horror
  1482 | D        | Reached XP level 10. HP: 84/107 MP: 9/9
  1496 | D        | Reached skill level 10 in Armour
  1610 | D        | Reached ****** piety under Trog
  1610 | D        | Received a gift from Trog
  1620 | D        | Reached skill level 19 in Axes
  1628 | D        | Reached skill level 1 in Staves
  1725 | D        | Found Pocuf's Antique Armour Shoppe.
  1725 | D        | Found Ezirez's Magic Scroll Shop.
  1725 | D        | Found Feosch's General Store.
  1727 | D        | Found Keavedojoe's Jewellery Emporium.
  1727 | D        | Found Atoppy's Antique Armour Shop.
  1727 | D        | Found Gudidaul's Weapon Shoppe.
  1727 | D        | Found Tesseun's Antique Weapon Boutique.
  1727 | D        | Found Leycvogg's Weapon Emporium.
  1727 | D        | Found Difa's Antique Armour Shop.
  1727 | D        | Found Utinatt's Antique Weapon Shoppe.
  1731 | D        | Found Coejuutzel's General Store.
  1732 | D        | Found Vyphologel's Antique Armour Emporium.
  1732 | D        | Found Qaukkem's Armour Boutique.
  1733 | D        | Found Lostri's Armour Emporium.
  1776 | D        | Noticed Sonja
  1779 | D        | Killed Sonja
  1779 | D        | Received a gift from Trog
  1918 | D        | Received a gift from Trog
  1919 | D        | Noticed a gargoyle
  1927 | D        | Killed a gargoyle
  1943 | D        | Noticed a lindwurm
  1946 | D        | Killed a lindwurm
  1947 | D        | Reached skill level 20 in Axes
  1947 | D        | Reached skill level 5 in Staves
  1960 | D        | Reached XP level 11. HP: 119/119 MP: 10/10
  1974 | D        | Received a gift from Trog
  2124 | D        | Noticed a daeva
  2135 | D        | Reached skill level 10 in Dodging
  2137 | D        | Identified the +8 great sword "Ripnyteo" {flame, rElec SInv
                  | Stlth+} (Trog gifted it to you in the Dungeon)
  2137 | D        | Received a gift from Trog
  2270 | D        | Noticed a 12-headed hydra
  2272 | D        | Killed an 11-headed hydra
  2272 | D        | Paralysed by a floating eye for 4 turns
  2273 | D        | Reached skill level 21 in Axes
  2758 | D        | Bought the +9 scales of the Dragon King {rPois rF+ rC+
                  | Will+} for 1497 gold pieces
  2758 | D        | Found the +9 scales of the Dragon King {rPois rF+ rC+
                  | Will+}
  2903 | D        | Found Igaruh's Jewellery Boutique.
  2905 | D        | Noticed a shining eye
  2905 | D        | Noticed a shining eye
  2905 | D        | Noticed a shining eye
  2905 | D        | Gained mutation: Armour fits poorly on your strangely
                  | shaped body. [a shining eye]
  2906 | D        | Gained mutation: You possess an exceptional clarity of
                  | mind. [a shining eye]
  2906 | D        | Gained mutation: You sometimes lose the ability to read
                  | scrolls when taking damage. [a shining eye]
  2909 | D        | Paralysed by a floating eye for 2 turns
  2918 | D        | Lost mutation: You possess an exceptional clarity of mind.
                  | [a shining eye]
  2919 | D        | Gained mutation: You occasionally shout uncontrollably at
                  | your foes. [a shining eye]
  2921 | D        | Killed a shining eye
  2922 | D        | Reached skill level 1 in Long Blades
  2924 | D        | Killed a shining eye
  2927 | D        | Killed a shining eye
  2927 | D        | Received a gift from Trog
  2934 | D        | Paralysed by a floating eye for 4 turns
  2941 | D        | Noticed a shining eye
  2941 | D        | Noticed a shining eye
  2941 | D        | Noticed a shining eye
  2942 | D        | Gained mutation: Your body sometimes deteriorates upon
                  | taking damage. [a shining eye]
  2944 | D        | Killed a shining eye
  2944 | D        | Gained mutation: You are frail. (-10% HP) [a shining eye]
  2945 | D        | Noticed a shining eye
  2945 | D        | Noticed a shining eye
  2947 | D        | Gained mutation: You are weak. (Str -2) [a shining eye]
  2948 | D        | Killed a shining eye
  2948 | D        | Paralysed by a floating eye for 3 turns
  2950 | D        | Lost mutation: Your body sometimes deteriorates upon taking
                  | damage. [a shining eye]
  2953 | D        | Killed a shining eye
  2954 | D        | Reached skill level 5 in Long Blades
  2956 | D        | Killed a shining eye
  2956 | D        | Paralysed by a floating eye for 3 turns
  2956 | D        | Gained mutation: You passively dampen the noise of your
                  | surroundings. [a shining eye]
  2959 | D        | Gained mutation: You are very frail. (-20% HP) [a shining
                  | eye]
  2959 | D        | Lost mutation: You are weak. (Str -2) [a shining eye]
  2960 | D        | Killed a shining eye
  2961 | D        | Paralysed by a floating eye for 3 turns
  2974 | D        | Found Wirrao's General Store.
  2974 | D        | Found Fungu's Weapon Shop.
  2974 | D        | Found Ybofu's Book Emporium.
  2974 | D        | Found Nawkie's Jewellery Boutique.
  3019 | D        | Bought the amulet "Peru" {Spirit rElec rF++ Regen+ SInv}
                  | for 722 gold pieces
  3086 | D        | Noticed a fire giant
  3089 | D        | Noticed a fire giant
  3094 | D        | Killed a fire giant
  3094 | D        | Received a gift from Trog
  3095 | D        | Reached skill level 10 in Long Blades
  3095 | D        | Reached XP level 12. HP: 107/107 MP: 7/11
  3095 | D        | Noticed a fire giant
  3097 | D        | Noticed a fire giant
  3104 | D        | HP: 5/107 [fire giant/+0 great sword of flaming (6)]
  3105 | D        | Mangled by a fire giant

Illustrated notes

Levels and vault maps discovered:
D:        dungeon_sprint_1 [red_sonja_temple_1, red_sonja_temple_small_1]

Skill      XL: |  1  2  3  4  5  6  7  8  9 10 11 |
---------------+----------------------------------+-----
Fighting       | 5 7 9 11 12 14 16 18 20 | 20.5
Axes           | 5 7 9 11 13 16 18 20 21 | 21.7
Armour         | 3 4 5 6 7 9 11 13 | 13.0
Dodging        | 3 5 6 7 8 9 10 | 10.5
Stealth        | 1 2 3 4 |  4.0
Staves         | 5 7 |  7.3
Long Blades    | 10 | 10.0

Action                   |  1- 3 |  4- 6 |  7- 9 | 10-12 || total
-------------------------+-------+-------+-------+-------++-------
Melee: Hand axe          |    12 |    17 |    47 |       ||    76
       Headbutt          |     3 |     4 |    12 |    28 ||    47
       Battleaxe         |       |       |     7 |    71 ||    78
       Punch             |       |       |     1 |       ||     1
       Lajatang          |       |       |       |    11 ||    11
       Great sword       |       |       |       |    44 ||    44
       Executioner's axe |       |       |       |     2 ||     2
Invok: Berserk           |     1 |     2 |     3 |     5 ||    11
  Use: Scroll            |       |       |     2 |       ||     2
       Potion            |       |       |       |     1 ||     1
 Stab: Sleeping          |       |       |     1 |       ||     1
Armor: Leather armour    |       |     5 |     8 |       ||    13
       Scale mail        |       |       |    24 |    76 ||   100
       Gold dragon scale |       |       |       |     9 ||     9
Dodge: Dodged            |     5 |    10 |    21 |    65 ||   101
